 Dungeon Crawl Stone Soup version 0.26.1-11-gd32895ea62 (webtiles) character file.

Game seed: 17198899489462979534

6101 kodamatunes15 the Blocker (level 11, -6/80 (84) HPs)
             Began as a Formicid Fighter on June 9, 2021.
             Mangled by an 11-headed hydra (8 damage)
             ... on level 9 of the Dungeon.
             The game lasted 00:34:35 (10340 turns).

kodamatunes15 the Blocker (Formicid Fighter)       Turns: 10340, Time: 00:34:35

HP:   -6/80 (84)    AC: 19    Str: 28    XL:     11   Next: 12%
MP:   11/11         EV: 14    Int: 13    God:
Gold: 288           SH: 18    Dex: 10    Spells: 10/10 levels left

rFire    . . .     SeeInvis +   C - +2 great mace (drain)
rCold    . . .     Faith    .   s - +0 tower shield
rNeg     . . .     Spirit   .   w - +10 ring mail of the Forsaken Shrikes {-Cast rCorr Int+3}
rPois    .         Reflect  .   (helmet unavailable)
rElec    .         Harm     .   r - +2 cloak {Stlth+}
rCorr    +         Rampage  .   (no gloves)
Will     +....     NoCast   +   (no boots)
Stlth    +.........             (no amulet)
HPRegen  0.23/turn              v - +6 ring of strength
MPRegen  0.12/turn              g - +4 ring of evasion

@: lightly drained
A: permanent stasis, dig shafts and tunnels, four strong arms, antennae 3
a: Dig, Shaft Self


You were on level 9 of the Dungeon.
You visited 2 branches of the dungeon, and saw 10 of its levels.

You collected 535 gold pieces.
You spent 247 gold pieces at shops.

Inventory:

Hand Weapons
 k - a +3 quarterstaff of chaos
 C - a +2 great mace of draining (weapon)
Armour
 r - a +2 cloak of stealth (worn)
 s - a +0 tower shield (worn)
 w - the +10 ring mail of the Forsaken Shrikes (worn) {-Cast rCorr Int+3}
   (You found it on level 5 of the Dungeon)

   It affects your intelligence (+3).
   It prevents spellcasting.
   It provides partial protection from all sources of acid and corrosion.
Jewellery
 f - a cursed ring of flight {unknown}
 g - a +4 ring of evasion (right hand)
 v - a +6 ring of strength (left hand)
 D - an uncursed ring of magical power
 E - a +4 ring of slaying {unknown}
Wands
 a - a wand of polymorph (9)
 c - a wand of random effects (14)
 t - a wand of acid (11)
 x - a wand of flame (16)
 y - a wand of digging (13)
 z - a wand of paralysis (8)
 A - a wand of iceblast (9)
 B - a wand of disintegration (14)
Scrolls
 j - 7 scrolls of remove curse
 q - 3 scrolls of teleportation
 u - a scroll of amnesia
Potions
 b - 4 potions of attraction {unknown}
 d - 2 potions of might
 e - 6 potions of curing
 h - a potion of ambrosia {unknown}
 i - 3 potions of brilliance {unknown}
 l - 3 potions of invisibility {unknown}
 m - 3 potions of heal wounds {unknown}
 n - 3 potions of lignification
 o - 2 potions of cancellation {unknown}
 p - 2 potions of mutation {unknown}


   Skills:
 + Level 7.1 Fighting
 + Level 7.2(8.5) Maces & Flails
 + Level 4.8(6.6) Polearms
 + Level 7.0(9.0) Staves
 + Level 6.2 Armour
 + Level 3.0 Dodging
 + Level 1.9 Stealth
 + Level 10.1 Shields


You had 10 spell levels left.
You didn't know any spells.
Your spell library contained the following spells:

 Spells                   Type           Power        Failure   Level
 Magic Dart               Conj           0%           77%         1
 Call Imp                 Summ           0%           88%         2
 Slow                     Hex            0%           88%         2
 Confusing Touch          Hex            0%           98%         3
 Conjure Flame            Conj/Fire      0%           98%         3
 Gell's Gravitas          Tloc           0%           98%         3
 Mephitic Cloud           Conj/Pois/Air  0%           98%         3
 Petrify                  Tmut/Erth      0%           100%        4
 Metabolic Englaciation   Hex/Ice        0%           100%        5
 Yara's Violent Unravell  Hex/Tmut       0%           100%        5
 Blink                    Tloc           Unusable     N/A         2

Dungeon Overview and Level Annotations

Branches:
Dungeon (9/15)             Temple (1/1) D:7
   Lair: D:8-11         Orc: D:9-12

Altars:
Ashenzari
Cheibriados
Dithmenos
Elyvilon
Fedhas
Gozag
Hepliaklqana
Kikubaaqudgha
Makhleb
Nemelex Xobeh
Okawaru
Qazlal
Ru
Sif Muna
Trog
Uskayaw
Vehumet
Wu Jian
Xom
Yredelemnul
Zin
The Shining One

Shops:
D:7 (

Annotations:
D:9 2bobheroes's ghost, journeyman GnWn


Innate Abilities, Weirdness & Mutations

You cannot be hasted, slowed, berserked, paralysed or teleported.
You can dig through walls and to a lower floor.
Your four strong arms can wield two-handed weapons with a shield.
You have a pair of large antennae on your head. (SInv)


Message History

You block the 11-headed hydra's attack. The 11-headed hydra closely misses you.
The 11-headed hydra bites you but does no damage. x2
The 11-headed hydra misses you.
The 11-headed hydra bites you but does no damage.
You hit 2bobheroes's ghost but do no damage. 2bobheroes's ghost is lightly damaged. 2bobheroes's ghost mumbles some strange words.
You block the 11-headed hydra's attack. x3
The 11-headed hydra bites you but does no damage.
The 11-headed hydra bites you! The 11-headed hydra bites you.
The 11-headed hydra bites you!
The 11-headed hydra bites you but does no damage.
The 11-headed hydra closely misses you. The 11-headed hydra bites you.
* * * LOW HITPOINT WARNING * * *
You block the 11-headed hydra's attack. The 11-headed hydra bites you.
* * * LOW HITPOINT WARNING * * *
The 11-headed hydra bites you!
* * * LOW HITPOINT WARNING * * *
The 11-headed hydra bites you!
You die...

......#....#........<........#..#
..#'###....#...##.........##...##
..#.....##.#...##.........###.###
..'.....##.#...#..........# ###..
..#.#[..##.'...#..........# #..
..#........##'#########'#### #..
.†####'##........##Y.♣##...# ###
...##...#..####..#.Y..♣##..######
...##...#..####.@WY....≈#>..#....
#####..##.......DD..)...#...#####
....#..#########.'....)♣###'#####
....#..##........#.$..≈##.......#
....#..##........##♣♣♣##........#
....#..##.........# ###.........'
....#######.##..### #.###########
##........#.##..#####.#.....#####
.#..#.....'...........#.###.#....


You could see 2 11-headed hydras, 3 ice beasts and 2bobheroes's ghost.

Vanquished Creatures
  A two-headed ogre (D:8)
  A troll (D:9)
  Grinder (D:5)
  Sigmund (D:2)
  Edmund (D:4)
  2 water moccasins (D:7)
  Duvessa (D:6)
  4 ice beasts
  5 sky beasts
  3 orc warriors (D:9)
  3 phantoms
  4 ogres
  4 centaurs
  2 bullfrogs
  Dowan (D:6)
  A scorpion (D:9)
  A wyvern skeleton (D:9)
  15 wights
  3 howler monkeys
  A centaur zombie (D:4)
  A quasit (D:8)
  2 gnoll shamans (D:9)
  7 hounds
  2 jellies
  Crazy Yiuf (D:3)
  5 orc priests
  A centaur skeleton (D:7)
  2 iguanas
  11 worker ants
  6 orc wizards
  3 worker ant zombies
  Robin (D:3)
  8 gnolls (D:9)
  12 adders
  A shadow imp (D:6)
  2 white imps
  An ufetubus (D:3)
  An ooze (D:5)
  An adder skeleton (D:4)
  An adder zombie (D:5)
  2 worms (D:2)
  A dart slug (D:1)
  9 leopard geckos
  11 orcs
  4 bats
  10 giant cockroaches
  13 goblins
  8 hobgoblins
  12 jackals
  4 quokkas
  3 ball pythons
  7 frilled lizards
  8 kobolds
  A leopard gecko skeleton (D:4)
  2 quokka zombies (D:5)
  3 rats (D:2)
222 creatures vanquished.

Vanquished Creatures (others)
  A leopard gecko (D:6)
  3 plants (D:9)
4 creatures vanquished.

Grand Total: 226 creatures vanquished

Notes
Turn   | Place    | Note
-------+----------+-------------------------------------------
     0 | D:1      | kodamatunes15 the Formicid Fighter began the quest for the
                  | Orb.
     0 | D:1      | Reached XP level 1. HP: 18/18 MP: 1/1
   152 | D:1      | Reached XP level 2. HP: 24/24 MP: 2/2
   865 | D:2      | Found a blossoming altar of Fedhas.
   876 | D:2      | Reached skill level 4 in Shields
   876 | D:2      | Reached XP level 3. HP: 11/30 MP: 3/3
  1421 | D:2      | Reached XP level 4. HP: 37/37 MP: 4/4
  1481 | D:2      | Noticed Sigmund
  1489 | D:2      | Killed Sigmund
  1490 | D:2      | Reached XP level 5. HP: 42/42 MP: 5/5
  1490 | D:2      | Reached XP level 6. HP: 48/48 MP: 6/6
  1520 | D:2      | Reached skill level 5 in Shields
  2674 | D:3      | Noticed Robin
  2683 | D:3      | Killed Robin
  2998 | D:3      | Found a runed translucent door.
  2999 | D:3      | Noticed Crazy Yiuf
  3010 | D:3      | Killed Crazy Yiuf
  3192 | D:4      | Noticed Edmund
  3202 | D:4      | Killed Edmund
  3203 | D:4      | Reached XP level 7. HP: 47/55 MP: 7/7
  3439 | D:4      | Reached skill level 1 in Staves
  3966 | D:4      | Reached skill level 5 in Armour
  4562 | D:5      | Entered Level 5 of the Dungeon
  4689 | D:5      | Found a sacrificial altar of Ru.
  4699 | D:5      | Noticed Grinder
  4711 | D:5      | Reached XP level 8. HP: 52/61 MP: 8/8
  4757 | D:5      | Killed Grinder
  4758 | D:5      | Reached skill level 6 in Shields
  5334 | D:5      | Reached skill level 5 in Staves
  5341 | D:5      | Reached skill level 5 in Fighting
  5372 | D:5      | Reached XP level 9. HP: 48/68 MP: 9/9
  5935 | D:5      | Got a polished ring mail
  5974 | D:5      | Identified the +10 ring mail of the Forsaken Shrikes {-Cast
                  | rCorr Int+3} (You found it on level 5 of the Dungeon)
  5975 | D:6      | Noticed Duvessa
  5975 | D:6      | Noticed Dowan
  6010 | D:6      | Killed Duvessa
  6011 | D:6      | Reached skill level 7 in Shields
  6022 | D:6      | Killed Dowan
  6064 | D:6      | Reached skill level 1 in Dodging
  6362 | D:6      | Found a glowing drain.
  7059 | D:7      | Found Zinguj's Antique Weapon Emporium.
  7162 | D:7      | Bought a runed great mace for 247 gold pieces
  7225 | D:7      | Reached skill level 8 in Shields
  7253 | D:7      | Reached skill level 1 in Stealth
  7347 | D:7      | Reached skill level 1 in Maces & Flails
  7747 | D:7      | Reached XP level 10. HP: 76/76 MP: 10/10
  7973 | D:7      | Found a staircase to the Ecumenical Temple.
  8122 | Temple   | Entered the Ecumenical Temple
  8266 | D:8      | Noticed a two-headed ogre
  8276 | D:8      | Killed a two-headed ogre
  8277 | D:8      | Reached skill level 9 in Shields
  8342 | D:8      | Reached skill level 5 in Maces & Flails
  9410 | D:9      | Found a glowing silver altar of Zin.
  9761 | D:9      | Found a runed translucent gate.
  9761 | D:9      | Found a runed translucent gate.
  9764 | D:9      | Noticed 2bobheroes's ghost (journeyman GnWn)
  9764 | D:9      | Noticed an 11-headed hydra
  9764 | D:9      | Noticed an 11-headed hydra
  9766 | D:9      | Found a runed translucent gate.
  9848 | D:9      | Reached XP level 11. HP: 83/83 MP: 11/11
 10033 | D:9      | Reached skill level 10 in Shields
 10340 | D:9      | HP: 2/80 [11-headed hydra (13)]
 10340 | D:9      | Mangled by an 11-headed hydra

Illustrated notes

Levels and vault maps discovered:
D:1:      dpeg_arrival_central, layout_loops_ring
D:2:      layout_basic, chequers_serial_rivers_room_a, fedhas_ov_isle_minmay,
          uniq_sigmund
D:3:      layout_loops_ring, small_statue_intersection,
          minmay_tree_intersection, wander_ebering_terrifying_dragon_lair,
          uniq_robin, uniq_crazy_yiuf_cottage
D:4:      layout_layer_cave, uniq_edmund
D:5:      layout_gridville, nicolae_ru_awakened_eye, uniq_grinder
D:6:      layout_rooms, portal_sewer_entry_f, chequers_serial_rivers_small_b,
          kennysheep_small_circle, uniq_duvessa
D:7:      layout_layer_cave, minmay_temple_entry_poolview, serial_shops, shop,
          kennysheep_generic_room_14
D:8:      layout_rooms
D:9:      kennysheep_seaside_town, layout_stronghold, kennysheep_mini,
          gammafunk_ghost_hydra_chop
Temple:   dpeg_three_leaves_temple

Skill      XL: |  1  2  3  4  5  6  7  8  9 10 11 |
---------------+----------------------------------+-----
Shields        | 4 5 6 8 9 10 | 10.1
Fighting       | 4 5 6 7 |  7.1
Polearms       | 3 4 |  4.8
Armour         | 4 5 6 |  6.2
Staves         | 2 5 7 |  7.0
Dodging        | 1 2 3 |  3.0
Stealth        | 1 |  1.9
Maces & Flails | 2 6 7 |  7.2

Action                   |  1- 3 |  4- 6 |  7- 9 | 10-12 || total
-------------------------+-------+-------+-------+-------++-------
Melee: Trident           |    97 |   145 |       |       ||   242
       Quarterstaff      |       |    18 |   298 |       ||   316
       Great mace        |       |       |    48 |   227 ||   275
 Abil: Dig               |     1 |     6 |     2 |       ||     9
  Use: Scroll            |     4 |     2 |     9 |     1 ||    16
 Stab: Paralysed         |       |       |     2 |       ||     2
Armor: Scale mail        |     4 |       |       |       ||     4
       Plate armour      |    31 |   100 |    75 |       ||   206
       Ring mail         |       |       |    54 |    76 ||   130
Dodge: Dodged            |     5 |    30 |    70 |   112 ||   217
Block: Kite shield       |    40 |    88 |    32 |       ||   160
       Tower shield      |       |       |   276 |   279 ||   555
